AoeStats
← Gregory176144

Arena

510179369Analyzed
1v1 RM · 2d ago on Sep 29, 2026· 40m 20s· 2 players
Game mode
Random Map
Map size
Tiny (2 player)
Population
200
Speed
Normal
Resources
Standard
Victory
Conquest
Starting age
Dark Age
Ending age
Imperial Age
RankedLock teamsTeams togetherTeam positionsShared explorationLock speedFull tech treeHidden civsTurbo modeCheats
Victory
Defeat
🇦🇷 Burgundians · Argentina
1291
+22
🇨🇿 Poles · Czechia
1288
-16
Majsner_Of_Puppets
11:13 Feudal Age
15:05 Castle Age
13:48 Gold Mining
13:46 Double-Bit Axe
13:44 Horse Collar
14:34 Fletching
16:24 Bodkin Arrow
18:34 Bow Saw
19:11 Crossbowman
21:12 Loom
23:06 Wheelbarrow
30:20 Imperial Age
30:47 Heavy Plow
33:19 Bracer
33:06 Arbalester
34:49 Scale Mail Armor
34:59 Forging
35:12 Thumb Ring
35:10 Padded Archer Armor
36:15 Chain Mail Armor
36:29 Ballistics
37:09 Chemistry
37:44 Crop Rotation
37:12 Elite Obuch
39:09 Hand Cart
38:44 Town Watch
40:03 Leather Archer Armor
Gregory176144
4:20 Double-Bit Axe
7:39 Horse Collar
10:44 Feudal Age
12:07 Wheelbarrow
15:16 Castle Age
13:46 Gold Mining
14:24 Bow Saw
15:30 Gold Shaft Mining
18:19 Squires
19:27 Scale Mail Armor
23:17 Stone Mining
25:14 Hand Cart
25:52 Stone Shaft Mining
25:26 Treadmill Crane
27:41 Two-Man Saw
27:28 Forging
27:53 Loom
27:55 Town Watch
28:43 Chain Mail Armor
30:34 Iron Casting
31:04 Arson
35:53 Imperial Age
36:54 Conscription
37:36 Chemistry
37:24 Plate Mail Armor
37:17 Padded Archer Armor
38:19 Blast Furnace
37:22 Capped Ram
39:34 Leather Archer Armor
39:48 Fletching
40:20 Ballistics
Connection lost

Rejoining the realm…

Still unreachable

The connection could not be restored.

Session expired

The server has moved on; the page needs a fresh start.